cohdb
Replays
Latest Replays
All Replays
Popular Replays
Top Player Replays
Match Explorer
How It Works
Community
CoH3 Stats
Reddit
Sign in to upload your games and track your stats! →
Sign in with Steam
Match 35842207
Unlisted
Match 35842207
Overview
Messages
Build Orders
End
Construct Infanterie Kompanie
MG 42 Machine Gun Team
Grenadier Squad
GrW 34 Mortar Team
Selects Mechanized Battlegroup
Grenadier Squad
Construct Luftwaffe Kompanie
Medical Station
Jäger Squad
NiceGuy567
Bratkalle
Shmapa
Chirpa
Ranger1408
Bruistablet
2ain3ows...*
Professor gibberish
0
0
Comments
sign in to comment!
No comments posted yet!